 Dungeon Crawl Stone Soup version 0.26.1-11-gd32895ea62 (webtiles) character file.

Game seed: 13173575068889127160

6552 Tirrikindir the Grappler (level 10, -1/96 HPs)
             Began as a Troll Berserker on June 3, 2021.
             Was a High Priest of Trog.
             Slain by a wight
             ... wielding a cursed +3 long sword
              (6 damage)
             ... on level 9 of the Dungeon.
             The game lasted 00:19:24 (8535 turns).

Tirrikindir the Grappler (Troll Berserker)          Turns: 8535, Time: 00:19:24

Health: -1/96      AC:  9    Str: 31    XL:     10   Next: 70%
Magic:  0/9        EV: 12    Int:  4    God:    Trog [*****.]
Gold:   705        SH:  0    Dex: 11    Spells: 9/9 levels left

rFire    . . .     SeeInvis .     - Unarmed
rCold    + . .     Faith    .   (no shield)
rNeg     . . .     Spirit   +   r - +2 robe {rC+}
rPois    +         Reflect  .   (helmet restricted)
rElec    .         Harm     .   e - +0 cloak
rCorr    .         Rampage  .   (gloves unavailable)
Will     +....                  (boots unavailable)
Stlth    ++........             h - amulet of guardian spirit
HPRegen  0.66/turn              j - ring of poison resistance
MPRegen  0.11/turn              o - ring of willpower

@: no status effects
A: large, unfitting armour, claws 3, regeneration 1, shaggy fur 1, strong 2,
tough skin 3
a: Renounce Religion, Berserk, Trog's Hand, Brothers in Arms


You were on level 9 of the Dungeon.
You worshipped Trog.
Trog was extremely pleased with you.
You visited 2 branches of the dungeon, and saw 10 of its levels.

You collected 705 gold pieces.

Inventory:

Hand Weapons
 v - a +0 giant spiked club
Missiles
 d - 32 poisoned darts (quivered)
 q - 3 boomerangs of dispersal
 y - 8 javelins
Armour
 e - a +0 cloak (worn)
 r - a +2 robe of cold resistance (worn)
Jewellery
 h - an amulet of guardian spirit (around neck)
 j - a ring of poison resistance (left claw)
 o - a ring of willpower (right claw)
Wands
 a - a wand of acid (6)
 k - a wand of digging (3)
 w - a wand of random effects (31)
 x - a wand of enslavement (8)
Scrolls
 g - 2 scrolls of enchant weapon
 m - 5 scrolls of remove curse
 n - 2 scrolls of magic mapping
 s - a scroll of enchant armour
 t - a scroll of fog
 A - a scroll of summoning {unknown}
Potions
 b - 5 potions of curing
 c - 2 potions of ambrosia
 f - a potion of heal wounds
 i - 4 potions of flight
 l - 2 potions of haste
 p - a potion of might
 u - a potion of experience {unknown}
 z - a potion of resistance {unknown}


   Skills:
 + Level 5.5 Fighting
 + Level 5.6 Throwing
 - Level 2.0 Armour
 * Level 6.1 Dodging
 + Level 3.5 Stealth
 + Level 10.3 Unarmed Combat
 - Level 2.0 Evocations


You had 9 spell levels left.
You didn't know any spells.
Your spell library was empty.

Dungeon Overview and Level Annotations

Branches:
Dungeon (9/15)             Temple (1/1) D:5            Lair (0/6) D:9
    Orc: D:9-12

Altars:
Ashenzari
Cheibriados
Dithmenos
Elyvilon
Fedhas
Gozag
Hepliaklqana
Kikubaaqudgha
Makhleb
Nemelex Xobeh
Okawaru
Qazlal
Ru
Sif Muna
Trog
Uskayaw
Vehumet
Wu Jian
Xom
Yredelemnul
Zin
The Shining One

Annotations:
D:9 Maggie


Innate Abilities, Weirdness & Mutations

You are too large for most types of armour.
You have claws for hands.
Your natural rate of healing is unusually fast.
You are covered in fur. (AC +1)
You have extremely tough skin. (AC +3)
Your muscles are very strong. (Str +4)


Message History

You mangle the two-headed ogre!!
The two-headed ogre is heavily wounded.
You hear a shout!
The two-headed ogre hits you with a +0 giant club!
* * * LOW HITPOINT WARNING * * *
The two-headed ogre hits you with a +0 giant spiked club!
* * * LOW HITPOINT WARNING * * *
The wight closely misses you.
You feel much better.
Maggie zaps a wand.
You easily resist.
The two-headed ogre hits you with a +0 giant club!!
* * * LOW HITPOINT WARNING * * *
The two-headed ogre hits you with a +0 giant spiked club!
* * * LOW HITPOINT WARNING * * *
A deep troll comes into view.
Your troll goes berserk!
You break out of your daze.
Maggie mumbles some strange words.
Maggie attempts to bespell you! You resist.
The wight hits you with a cursed +3 long sword!
You die...

........#....# ... ######..#....#
... #..#....# ... #..#....# ...
####..#?...# #.....#....#
#.#........# ####T##.#........#
#.....O@#..#...... ..
#.##..z@#..#...... ..
#...T....#..... ...
..........#..... ....
..###................... ..# .
#......>.... .... .. ....
#.......... #.. ..##.
....#......##...#...#.##..# #..##
....#......##......##....##.##...


You could see Maggie, a two-headed ogre, a deep troll, a wight and a friendly
troll (summoned, berserk).

Vanquished Creatures
  A two-headed ogre (D:8)
  Pikel (D:4)
  Maurice (D:8)
  Joseph (D:7)
  Grinder (D:4)
  Prince Ribbit (D:7)
  Sigmund (D:5)
  3 yaks (D:9)
  Menkaure (D:5)
  3 wargs (D:9)
  3 ice beasts
  2 orc warriors
  2 phantoms
  2 black bears
  2 ogres
  3 centaurs
  A lemure (D:4)
  A big kobold (D:8)
  Blork the orc (D:5)
  6 bullfrogs
  A scorpion (D:8)
  3 wights (D:7)
  4 howler monkeys
  3 electric eels (D:6)
  3 jellies
  A centaur zombie (D:7)
  A quasit (D:9)
  3 hounds
  A centaur skeleton (D:4)
  Crazy Yiuf (D:4)
  3 orc priests
  5 orc wizards
  3 bullfrog skeletons
  Jessica (D:2)
  Ijyb (D:4)
  3 worker ants
  Natasha (D:2)
  An iguana (D:6)
  A statue (D:6)
  2 hound zombies
  A hound skeleton (D:6)
  2 worker ant zombies (D:7)
  14 adders
  10 gnolls
  2 white imps
  An ooze (D:3)
  An adder zombie (D:5)
  An adder skeleton (D:4)
  7 worms
  2 dart slugs
  4 leopard geckos
  18 orcs
  5 bats
  16 giant cockroaches
  7 goblins
  11 hobgoblins
  14 jackals
  7 kobolds
  5 quokkas
  5 frilled lizards
  A jackal skeleton (D:8)
  A jackal zombie (D:5)
  3 rats
  A spectral orc (D:7)
218 creatures vanquished.

Vanquished Creatures (others)
  10 plants
10 creatures vanquished.

Grand Total: 228 creatures vanquished

Notes
Turn   | Place    | Note
-------+----------+-------------------------------------------
     0 | D:1      | Tirrikindir the Troll Berserker began the quest for the
                  | Orb.
     0 | D:1      | Reached XP level 1. HP: 22/22 MP: 0/0
   576 | D:1      | Reached XP level 2. HP: 29/29 MP: 1/1
  1122 | D:2      | Reached XP level 3. HP: 36/36 MP: 2/2
  1195 | D:2      | Noticed Jessica
  1197 | D:2      | Killed Jessica
  1198 | D:2      | Reached skill level 1 in Throwing
  1198 | D:2      | Reached XP level 4. HP: 44/44 MP: 3/3
  1255 | D:2      | Noticed Natasha
  1264 | D:2      | Killed Natasha
  1264 | D:2      | Reached ** piety under Trog
  1265 | D:2      | Reached skill level 4 in Unarmed Combat
  1674 | D:2      | Reached XP level 5. HP: 52/52 MP: 4/4
  1954 | D:3      | Found a snail-covered altar of Cheibriados.
  2048 | D:3      | Found a shadowy altar of Dithmenos.
  2060 | D:3      | Reached skill level 1 in Stealth
  2305 | D:3      | Found a hide-covered altar of Uskayaw.
  2398 | D:3      | Reached *** piety under Trog
  2487 | D:3      | Found an iron altar of Okawaru.
  2885 | D:4      | Reached XP level 6. HP: 61/61 MP: 5/5
  2889 | D:4      | Noticed Ijyb
  2896 | D:4      | Killed Ijyb
  2964 | D:4      | Found a shimmering altar of Xom.
  2981 | D:4      | Noticed Grinder
  2985 | D:4      | Killed Grinder
  2986 | D:4      | Reached skill level 5 in Unarmed Combat
  2986 | D:4      | Reached XP level 7. HP: 67/67 MP: 6/6
  2987 | D:4      | Noticed Pikel
  3006 | D:4      | Killed Pikel
  3007 | D:4      | Reached skill level 6 in Unarmed Combat
  3007 | D:4      | Reached XP level 8. HP: 54/78 MP: 3/7
  3218 | D:4      | Found a runed translucent door.
  3219 | D:4      | Noticed Crazy Yiuf
  3224 | D:4      | Killed Crazy Yiuf
  3577 | D:5      | Entered Level 5 of the Dungeon
  3653 | D:5      | Found a shadowy altar of Dithmenos.
  3720 | D:5      | Noticed Blork the orc
  3728 | D:5      | Killed Blork the orc
  3746 | D:5      | Reached **** piety under Trog
  3808 | D:5      | Gained mutation: You are somewhat resistant to further
                  | mutation. [potion of mutation]
  3808 | D:5      | Gained mutation: You are weak. (Str -2) [potion of
                  | mutation]
  3808 | D:5      | Gained mutation: Your spells are a little easier to cast,
                  | but a little less powerful. [potion of mutation]
  3821 | D:5      | Noticed Sigmund
  3835 | D:5      | Killed Sigmund
  3836 | D:5      | Reached skill level 7 in Unarmed Combat
  3866 | D:5      | Found a staircase to the Ecumenical Temple.
  3887 | D:5      | Noticed Menkaure
  3894 | D:5      | Killed Menkaure
  3908 | Temple   | Entered the Ecumenical Temple
  4977 | D:6      | Reached XP level 9. HP: 85/85 MP: 8/8
  5338 | D:6      | Reached skill level 8 in Unarmed Combat
  5377 | D:6      | Reached skill level 5 in Fighting
  5440 | D:6      | Found a radiant altar of Vehumet.
  5456 | D:6      | Reached skill level 5 in Dodging
  5937 | D:7      | Reached ***** piety under Trog
  6039 | D:7      | Found a bloodstained altar of Trog.
  6043 | D:7      | Found a broken altar of Ashenzari.
  6043 | D:7      | Found a white marble altar of Elyvilon.
  6052 | D:7      | Found a hazy altar of Hepliaklqana.
  6066 | D:7      | Found an opulent altar of Gozag.
  6099 | D:7      | Noticed Joseph
  6112 | D:7      | Killed Joseph
  6113 | D:7      | Reached skill level 5 in Throwing
  6113 | D:7      | Reached skill level 9 in Unarmed Combat
  6246 | D:7      | You fall into a shaft and drop 1 floor!
  6431 | D:7      | Noticed Prince Ribbit
  6438 | D:7      | Killed Prince Ribbit
  6705 | D:7      | Reached skill level 10 in Unarmed Combat
  6757 | D:7      | Received a gift from Trog
  6883 | D:7      | Found a basalt altar of Yredelemnul.
  7105 | D:8      | Noticed a two-headed ogre
  7114 | D:8      | Killed a two-headed ogre
  7115 | D:8      | Reached skill level 1 in Armour
  7115 | D:8      | Reached XP level 10. HP: 54/96 MP: 3/9
  7411 | D:8      | Noticed Maurice
  7438 | D:8      | Killed Maurice
  7439 | D:8      | Reached skill level 1 in Evocations
  7531 | D:8      | Found a glowing silver altar of Zin.
  8215 | D:9      | Found a staircase to the Lair.
  8263 | D:9      | HP: 7/144 [ogre/+0 giant spiked club (19)]
  8420 | D:9      | Lost mutation: You are weak. (Str -2) [potion of mutation]
  8420 | D:9      | Lost mutation: You are somewhat resistant to further
                  | mutation. [potion of mutation]
  8420 | D:9      | Lost mutation: Your spells are a little easier to cast, but
                  | a little less powerful. [potion of mutation]
  8420 | D:9      | Gained mutation: Your muscles are strong. (Str +2) [potion
                  | of mutation]
  8420 | D:9      | Gained mutation: Your muscles are very strong. (Str +4)
                  | [potion of mutation]
  8520 | D:9      | Noticed Maggie
  8526 | D:9      | Noticed a two-headed ogre
  8534 | D:9      | Noticed a deep troll
  8535 | D:9      | Slain by a wight

Illustrated notes

Levels and vault maps discovered:
D:1:      onia_arrival_mini_spirals, layout_basic, kennysheep_small_spiral,
          chequers_avenue, chequers_serial_rivers_small_3
D:2:      layout_loops_corners, kennysheep_generic_room_5, uniq_natasha,
          uniq_jessica
D:3:      minmay_roachtagon, layout_basic, okawaru_altar_gauntlet_db,
          eat_drink_and_be_merry_uskayaw, kennysheep_slug_shrine,
          nicolae_dithmenos_shadow_blocks
D:4:      layout_loops_ring, xom_teletrap_fun, uniq_ijyb, uniq_grinder,
          uniq_pikel, uniq_crazy_yiuf_cottage
D:5:      layout_rooms, lemuel_crystal_altar, minmay_temple_entry_ruins,
          dk_noncrumbling_2, sigmund_army, uniq_blork_the_orc, uniq_menkaure
D:6:      layout_gridville, vehumet_statue, chequers_big_river,
          grunt_ministairs_6
D:7:      layout_basic, yredelemnul_forgotten_temple_becter,
          minmay_overflow_temple_star_hex, minivault_22,
          kennysheep_pointless_box, uniq_joseph, uniq_prince_ribbit1
D:8:      layout_loops_ring, old_standard_altar, nicolae_benzene_ring,
          uniq_maurice
D:9:      minmay_chopped_fan, layout_basic, erik_lair_orcish_takeover,
          nicolae_wwwww, hangedman_ranch [blue_anna_fruit_fields], uniq_maggie
Temple:   nicolae_temple_figure_zero

Skill      XL: |  1  2  3  4  5  6  7  8  9 10 |
---------------+-------------------------------+-----
Throwing       | 1 2 3 4 5 |  5.6
Unarmed Combat | 4 5 6 7 10 | 10.3
Stealth        | 1 2 3 |  3.5
Fighting       | 3 4 5 |  5.5
Dodging        | 3 4 5 6 |  6.1
Armour         | 1 2 |  2.0
Evocations     | 2 |  2.0

Action                   |  1- 3 |  4- 6 |  7- 9 | 10-12 || total
-------------------------+-------+-------+-------+-------++-------
Melee: Unarmed           |    73 |   180 |   318 |   136 ||   707
       Punch             |       |     2 |    13 |     7 ||    22
Throw: Dart              |       |       |    12 |     1 ||    13
Invok: Berserk           |     1 |     2 |     5 |     2 ||    10
       Brothers in Arms  |       |       |       |     1 ||     1
Evoke: Wand              |       |       |       |     1 ||     1
  Use: Scroll            |     6 |     9 |     5 |     2 ||    22
       Potion            |       |       |     3 |     4 ||     7
 Stab: Distracted        |       |     1 |     1 |       ||     2
       Sleeping          |       |       |     3 |     1 ||     4
Armor: Animal skin       |    35 |    94 |    28 |       ||   157
       Robe              |       |       |    82 |    26 ||   108
Dodge: Dodged            |    32 |   119 |   191 |    85 ||   427
